 Dungeon Crawl Stone Soup version 0.21.1 (webtiles) character file.

143 pk666 the Skirmisher (level 5, -4/72 HPs)
             Began as a Minotaur Berserker on Feb 5, 2018.
             Was a Priest of Trog.
             Slain by a gnoll
             ... wielding a +0 spear
              (9 damage)
             ... on level 3 of the Dungeon.
             The game lasted 00:03:46 (1882 turns).

pk666 the Skirmisher (Minotaur Berserker)           Turns: 1882, Time: 00:03:47

Health: -4/72      AC:  5    Str: 27    XL:     5   Next: 4%
Magic:  4/4        EV: 11    Int:  4    God:    Trog [***...]
Gold:   134        SH:  0    Dex: 10    Spells: 4/4 levels left

rFire    . . .     SeeInvis .   a - +0 hand axe
rCold    . . .     Gourm    .   (no shield)
rNeg     . . .     Faith    .   m - +0 ring mail
rPois    .         Spirit   .   (helmet restricted)
rElec    .         Reflect  .   (no cloak)
rCorr    .         Harm     +   (no gloves)
MR       .....                  (no boots)
Stlth    ..........             l - amulet of harm
HPRegen  0.22/turn              (no ring)
MPRegen  0.09/turn              (no ring)

@: berserking, very quick
A: retaliatory headbutt, horns 2
a: Berserk, Trog's Hand, Burn Spellbooks, Renounce Religion


You were on level 3 of the Dungeon.
You worshipped Trog.
Trog was most pleased with you.
You were very hungry.

You visited 1 branch of the dungeon, and saw 3 of its levels.

You collected 134 gold pieces.

Inventory:

Hand Weapons
 a - a +0 hand axe (weapon)
Missiles
 j - a steel javelin (quivered)
 q - 21 bolts
Armour
 m - a +0 ring mail (worn)
Jewellery
 l - an amulet of harm (around neck)
Scrolls
 d - 3 scrolls of identify {unknown}
 f - a scroll of blinking {unknown}
 g - a scroll of enchant armour {unknown}
 h - 4 scrolls of teleportation {unknown}
 k - a scroll of enchant weapon {unknown}
 r - a scroll of amnesia {unknown}
Potions
 b - a potion of agility {unknown}
 e - a potion of ambrosia {unknown}
 i - a potion of heal wounds {unknown}
 o - a potion of mutation {unknown}
 p - a potion of berserk rage {unknown}
 s - a potion of flight {unknown}
 t - a potion of degeneration {unknown}
Comestibles
 c - 8 rations
 n - 8 chunks of flesh


   Skills:
 + Level 5.5 Fighting
 + Level 5.5 Axes
 - Level 2.4 Armour
 - Level 2.1 Dodging


You had 4 spell levels left.
You didn't know any spells.

Dungeon Overview and Level Annotations

Branches:
Dungeon (3/15)

Altars:
Hepliaklqana
Okawaru
Qazlal
Trog


Innate Abilities, Weirdness & Mutations

You reflexively headbutt those who attack you in melee.
You have a pair of horns on your head.


Message History

You are too injured to fight recklessly!
Your ring mail prevents you from hitting the gnoll.
The gnoll is heavily wounded.
The gnoll hits you from afar with a spear. x2
* * * LOW HITPOINT WARNING * * *
The gnoll hits you but does no damage.
A red film seems to cover your vision as you go berserk!
You feel yourself moving faster!
You feel mighty!
You are feeling very hungry.
The gnoll closely misses you. The gnoll hits you but does no damage.
The gnoll hits you.
* * * LOW HITPOINT WARNING * * *
You slash the gnoll!
You kill the gnoll!
Trog accepts your kill.
You have reached level 5!
The gnoll hits you from afar with a spear.
* * * LOW HITPOINT WARNING * * *
The gnoll hits you from afar with a spear!
You die...

#.....#####.....
#.....))>..#####
#.....####.....# ##
#.....## #####.. #..
#......# ### #...
######.## ## #$...
#..#######.
#....$#########<........
#....g?@........##.#####
#....g############.###..
#.... #....<# #...
#.....# #.. #.....# #.
##....# # ##......
#....... ...#...#.


You could see 2 gnolls.

Vanquished Creatures
  An orc priest (D:3)
  2 gnolls (D:3)
  An adder (D:3)
  An ooze (D:1)
  A worm (D:2)
  2 dart slugs (D:1)
  2 leopard geckos (D:3)
  8 orcs (D:3)
  A giant cockroach (D:1)
  10 goblins
  6 hobgoblins
  5 kobolds
  2 quokkas (D:3)
  2 ball pythons
  13 bats
  4 frilled lizards
  6 rats
67 creatures vanquished.

Notes
Turn   | Place    | Note
-------+----------+-------------------------------------------
     0 | D:1      | pk666 the Minotaur Berserker began the quest for the Orb.
     0 | D:1      | Reached XP level 1. HP: 19/19 MP: 0/0
   149 | D:1      | Reached XP level 2. HP: 21/27 MP: 1/1
   426 | D:1      | Reached XP level 3. HP: 13/34 MP: 2/2
   497 | D:1      | Reached ** piety under Trog
  1225 | D:2      | Found an iron altar of Okawaru.
  1246 | D:2      | Found a bloodstained altar of Trog.
  1307 | D:2      | Found a hazy altar of Hepliaklqana.
  1307 | D:2      | Found a stormy altar of Qazlal.
  1598 | D:3      | Reached skill level 5 in Fighting
  1598 | D:3      | Reached skill level 5 in Axes
  1598 | D:3      | Reached XP level 4. HP: 42/42 MP: 3/3
  1850 | D:3      | Reached *** piety under Trog
  1882 | D:3      | Reached XP level 5. HP: 7/48 MP: 4/4
  1882 | D:3      | Slain by a gnoll

Skill      XL: |  1  2  3 |
---------------+----------+-----
Fighting       | 4 5 |  5.5
Axes           | 4 5 |  5.5
Armour         | |  2.4
Dodging        | |  2.1

Action                   |  1- 3 |  4- 6 || total
-------------------------+-------+-------++-------
Melee: Hand axe          |   103 |    34 ||   137
       Headbutt          |    14 |     9 ||    23
Throw: Javelin           |     2 |       ||     2
Invok: Berserk           |       |     1 ||     1
  Eat: Chunk             |     2 |     1 ||     3
Armor: Animal skin       |    12 |       ||    12
       Ring mail         |    13 |     9 ||    22
Dodge: Dodged            |    83 |    14 ||    97
